 Dungeon Crawl Stone Soup version 0.23.1-41-g7e51ed32d8 (webtiles) character file.

Game seed: 11726115954488892367

98 savthe217 the Skirmisher (level 4, -2/37 HPs)
             Began as a Demonspawn Abyssal Knight on Mar 30, 2019.
             Was a Believer of Lugonu.
             Slain by Crazy Yiuf
             ... wielding a +2 quarterstaff of chaos
              (6 damage)
             ... on level 2 of the Dungeon.
             The game lasted 00:08:29 (2502 turns).

savthe217 the Skirmisher (DsAK)                     Turns: 2502, Time: 00:08:29

Health: -2/37      AC:  6    Str: 13    XL:     4   Next: 44%
Magic:  6/6        EV: 10    Int: 13    God:    Lugonu [**....]
Gold:   54         SH:  0    Dex: 13    Spells: 3/3 levels left

rFire    + . .     SeeInvis .   a - +1 mace
rCold    . . .     Gourm    .   (no shield)
rNeg     . . .     Faith    .   h - +0 ring mail
rPois    .         Spirit   .   j - +0 helmet
rElec    .         Reflect  .   (no cloak)
rCorr    .         Harm     .   (no gloves)
MR       .....                  (no boots)
Stlth    +.........             (no amulet)
HPRegen  0.12/turn              (no ring)
MPRegen  0.10/turn              (no ring)

@: lethally poisoned (-2 -> -11), lightly drained
A: fire resistance 1
a: Depart the Abyss, Bend Space, Renounce Religion


You were on level 2 of the Dungeon.
You worshipped Lugonu.
Lugonu was pleased with you.
You were not hungry.

You visited 1 branch of the dungeon, and saw 2 of its levels.
You visited the Abyss 1 time.

You collected 54 gold pieces.

Inventory:

Hand Weapons
 a - a +1 mace (weapon)
 k - a +2 hunting sling of flaming
Missiles
 l - 26 stones (quivered)
Armour
 h - a +0 ring mail (worn)
 j - a +0 helmet (worn)
Scrolls
 d - a scroll of remove curse {unknown}
 f - a scroll of identify {unknown}
 m - a scroll of fog {unknown}
Potions
 e - a potion of agility {unknown}
 g - a potion of heal wounds
 i - a potion of degeneration {unknown}
Comestibles
 b - 3 chunks of flesh
 c - 4 rations


   Skills:
 * Level 3.9(3.4) Fighting
 * Level 2.9(2.4) Maces & Flails
 - Level 1.7(1.2) Armour
 + Level 1.8(1.3) Dodging
 - Level 2.9(2.4) Invocations


You had 3 spell levels left.
You didn't know any spells.
Your spell library was empty.

Dungeon Overview and Level Annotations

Branches:
Dungeon (2/15)

Altars:
Ru

Annotations:
D:2 Crazy Yiuf


Innate Abilities, Weirdness & Mutations

Your flesh is heat resistant. (rF+)


Message History

Crazy Yiuf hits you with a +2 quarterstaff of chaos.
You feel drained.
You barely miss Crazy Yiuf. Crazy Yiuf misses you.
You thump Crazy Yiuf!
Crazy Yiuf is heavily wounded.
Crazy Yiuf hits you with a +2 quarterstaff of chaos!
Crazy Yiuf freezes you.
* * * LOW HITPOINT WARNING * * *
You closely miss Crazy Yiuf.
Crazy Yiuf is heavily wounded.
Crazy Yiuf hits you with a +2 quarterstaff of chaos.
* * * LOW HITPOINT WARNING * * *
You feel drained.
* * * LOW HITPOINT WARNING * * *
You closely miss Crazy Yiuf.
Crazy Yiuf is heavily wounded.
Crazy Yiuf hits you but does no damage.
You are lethally poisoned!
Crazy Yiuf hits you with a +2 quarterstaff of chaos.
You die...

#.# #.# #...[....[#
#.# #.# #########.#
#.# #.# #.# #.# ###
#.# # #.# #.#####
#.##♣♣♣♣♣ ####.##...
#.#...♣.♣♣♣ ###
#.........
##......♣..♣#...#
##.#.#####
####......♣♣♣♣@g...#
#.#.# # #.....#..♣♣
♣♣#..)# ##.#.# #
#.###.##♣♣ ###
#....# # #.# ###
##.#.# # #.# #.#.# #
#.# ### ###### #.#.#
# #.# #.####....#
#.#.# # #.#
#.........# #.#.# #
#)#############.###
#.#.#####


You could see Crazy Yiuf.

Vanquished Creatures
  Jessica (D:2)
  2 adders (D:2)
  An ooze (D:1)
  A dart slug (D:1)
  A leopard gecko (D:2)
  An orc (D:2)
  8 bats
  2 giant cockroaches
  4 goblins
  9 hobgoblins
  2 jackals (D:1)
  A quokka (D:2)
  5 frilled lizards (D:2)
  5 kobolds
  3 rats
46 creatures vanquished.

Notes
Turn   | Place    | Note
-------+----------+-------------------------------------------
     0 | Abyss:1  | savthe217 the Demonspawn Abyssal Knight began the quest for
                  | the Orb.
     0 | Abyss:1  | Reached XP level 1. HP: 18/18 MP: 2/2
     3 | Abyss:1  | Found a corrupted altar of Lugonu.
    17 | D:1      | Escaped the Abyss
    50 | D:1      | Reached skill level 1 in Dodging
   651 | D:1      | Gained mutation: Your flesh is heat resistant. (rF+)
                  | [demonic ancestry]
   651 | D:1      | Reached XP level 2. HP: 24/24 MP: 3/3
  1243 | D:2      | Reached XP level 3. HP: 15/29 MP: 5/5
  1467 | D:2      | Reached ** piety under Lugonu
  1868 | D:2      | Found a sacrificial altar of Ru.
  2108 | D:2      | Reached XP level 4. HP: 32/37 MP: 6/6
  2118 | D:2      | Noticed Jessica
  2157 | D:2      | Killed Jessica
  2490 | D:2      | Found a runed translucent door.
  2491 | D:2      | Noticed Crazy Yiuf
  2502 | D:2      | Slain by Crazy Yiuf

Skill      XL: |  1 |
---------------+----+-----
Dodging        | 1 |  1.8
Maces & Flails | 2 |  2.9
Fighting       | |  3.9
Armour         | |  1.7
Invocations    | |  2.9

Action                   |  1- 3 |  4- 6 || total
-------------------------+-------+-------++-------
Melee: Mace              |   133 |    31 ||   164
 Fire: Hunting sling     |     2 |       ||     2
  Eat: Chunk             |     4 |     1 ||     5
Armor: Leather armour    |    12 |       ||    12
       Ring mail         |    38 |    10 ||    48
Dodge: Dodged            |    94 |    14 ||   108
